 Dungeon Crawl Stone Soup version 0.32-a0-306-gfed3edf829 (webtiles) character file.

Game seed: 6853039747759556577

158 zenocrate the Ruffian (level 5, 0/41 HPs)
             Began as a Demonspawn Delver on Feb 14, 2024.
             Succumbed to a scorpion's poison
             ... on level 4 of the Dungeon.
             The game lasted 00:01:17 (580 turns).

zenocrate the Ruffian (Demonspawn Delver)            Turns: 580, Time: 00:01:17

Health: 0/41       AC:  3    Str: 15    XL:     5   Next: 16%
Magic:  5/5        EV: 11    Int: 10    God:
Gold:   15         SH:  4    Dex: 14    Spells: 4/4 levels left

rFire   . .          .
                       - Unarmed
rCold   . . .        (no shield)
rNeg    . . .        a - +0 leather armour
rPois   .            (no helmet)
rElec   .            (no cloak)
rCorr   .            (no gloves)
SInv    .            (no boots)
Will    .....        g - amulet of magic regeneration
Stlth   ++           (no ring)
HPRegen 0.26/turn    (no ring)
MPRegen 0.49/turn

%: no passive effects
@: lethally poisoned (0 -> -3), weak-willed
A: large bone plates 1, demonic guardian 1, demonic touch 2
a: no special abilities


You were on level 4 of the Dungeon.
You visited 1 branch of the dungeon, and saw 2 of its levels.

You collected 15 gold pieces.

Inventory:

Armour
 a - a +0 leather armour (worn)
Jewellery
 g - an amulet of magic regeneration (around neck)
Wands
 f - a wand of digging (3)
Scrolls
 b - a scroll of fog
 c - a scroll of revelation
 h - a scroll of identify {unknown}


   Skills:
 - Level 3.0 Fighting
 - Level 1.7 Dodging
 - Level 4.5 Stealth
 + Level 4.9 Unarmed Combat


You had 4 spell levels left.
You didn't know any spells.
Your spell library was empty.

Dungeon Overview and Level Annotations

Branches:
Dungeon (5/15)
 Temple: D:4-7

Altars:

Shops:
D:4 *


Innate Abilities, Weirdness & Mutations

You are partially covered in large bone plates. (SH +4)
A weak demonic guardian rushes to your aid.
Your touch may inflict irresistible damage on your foes.


Message History

You feel sick. The scorpion completely misses you.
You hit the scorpion. Your touch misses the scorpion.
The scorpion is severely wounded.
You feel sick. The scorpion stings you.
You are lethally poisoned!
The scorpion poisons you!
You are too injured to fight recklessly!
Unknown command.
You hit the scorpion but do no damage. Your touch misses the scorpion.
The scorpion is severely wounded.
You feel very sick. The scorpion stings you.
* * * LOW HITPOINT WARNING * * *
Unknown command.
You punch the scorpion!
You kill the scorpion!
* * * LOW HITPOINT WARNING * * *
You feel very sick.
You have reached level 5!
Your demonic ancestry asserts itself...
Large bone plates grow over parts of your arms.
You are lethally poisoned (9 -> -3).
You are weak-willed.
Your movement speed is average.
Your attack delay is about 0.9.
Your damage rating with unarmed combat is about 8 (Base [3 + 4 (UC)] x 112% (Str) x 105% (Fight)).
Unknown command.
You aren't carrying any potions.
Unknown command.
* * * LOW HITPOINT WARNING * * *
You feel very sick.
Unknown command.
* * * LOW HITPOINT WARNING * * *
You feel sick.
Unknown command.
* * * LOW HITPOINT WARNING * * *
You feel sick.
Unknown command.
* * * LOW HITPOINT WARNING * * *
You feel sick.
Unknown command.
You die...

#.##.## #O..[..##
....h.##########
#........
#..........s...#
#..s...##
###.#.########.#
#........ #.# #.# #.#
#.########.# #.#
#.....†..#.# #.#
########.#.#######.##
#.....@.......#
#..#.#######..#
JJ.....# ##..#
###...### #...# #....
.S###.#.####### #..##
#.............# #..
#####.#.#####.# #..
######.#.####
............#


There were no monsters in sight!

Vanquished Creatures
  A scorpion (D:4)
  2 hounds
  An orc wizard (D:5)
  An ufetubus (D:5)
  A dart slug (D:5)
  2 orcs (D:5)
  A ball python (D:4)
9 creatures vanquished.

Notes
Turn   | Place    | Note
-------+----------+-------------------------------------------
     0 | D:5      | zenocrate the Demonspawn Delver began the quest for the
                  | Orb.
     0 | D:5      | Reached XP level 1. HP: 18/18 MP: 1/1
   128 | D:5      | Noticed a hound
   140 | D:5      | Killed a hound
   141 | D:5      | Gained mutation: Your touch may inflict minor irresistible
                  | damage on your foes. [demonic ancestry]
   141 | D:5      | Reached XP level 2. HP: 4/24 MP: 2/2
   141 | D:5      | Gained mutation: Your touch may inflict irresistible damage
                  | on your foes. [demonic ancestry]
   141 | D:5      | Reached XP level 3. HP: 5/29 MP: 3/3
   316 | D:5      | Noticed a scorpion
   444 | D:5      | Gained mutation: A weak demonic guardian rushes to your
                  | aid. [demonic ancestry]
   444 | D:5      | Reached XP level 4. HP: 35/35 MP: 4/4
   511 | D:4      | Found Amygomo's General Store.
   512 | D:4      | Noticed a scorpion
   513 | D:4      | Noticed a scorpion
   513 | D:4      | Noticed an ogre
   575 | D:4      | Killed a scorpion
   576 | D:4      | Gained mutation: You are partially covered in large bone
                  | plates. (SH +4) [demonic ancestry]
   576 | D:4      | Reached XP level 5. HP: 9/41 MP: 5/5
   579 | D:4      | HP: 1/41 [poisoned by a scorpion]
   580 | D:4      | Succumbed to a scorpion's poison

Illustrated notes

Levels and vault maps discovered:
D:4:      layout_loops_ring, minmay_temple_entry_statues_pillars, serial_shops,
          shop, uniq_pikel
D:5:      layout_loops_corners, serial_demonic, serial_demonic_g,
          serial_demonic_e, serial_demonic_a, serial_demonic_f

Skill      XL: |  1  2  3 |
---------------+----------+-----
Unarmed Combat | 3 4 |  4.9
Fighting       | |  3.0
Dodging        | |  1.7
Stealth        | |  4.5

Action                     |  1- 3 |  4- 6 || total
---------------------------+-------+-------++-------
  Melee: Unarmed           |    29 |    12 ||    41
         Punch             |     1 |       ||     1
         Touch             |     4 |     2 ||     6
    Use: Potion            |     1 |       ||     1
         Scroll            |       |     2 ||     2
   Stab: Sleeping          |     1 |       ||     1
 Armour: Leather armour    |    22 |     8 ||    30
  Dodge: Dodged            |    15 |     7 ||    22

Table legend: (Time is in decaauts)
 A = Elapsed time spent in this place.
 B = Non-inter-level travel time spent in this place.
 C = Inter-level travel time spent in this place.
 D = Time resting spent in this place.
 E = Time spent auto-exploring this place.
 F = Levels seen in this place.
 G = Mean time per level.
                   A        B        C        D        E       F      G
               +--------+--------+--------+--------+--------+-----+--------+
         Total |    557 |    557 |      0 |     26 |    346 |   2 |  278.5 |
       Dungeon |    557 |    557 |      0 |     26 |    346 |   2 |  278.5 |
               +--------+--------+--------+--------+--------+-----+--------+

Top non-repeatable levels by time:
     D:5: 454 daAuts
     D:4: 103 daAuts
